 Dungeon Crawl Stone Soup version 0.30-a0-711-gf4ac18a38d (console) character file.

Game seed: 12508923668861260993

769 jejorda2 the Spear-Bearer (level 7, -4/57 HPs)
             Began as a Merfolk Berserker on Jan 22, 2023.
             Was a Believer of Trog.
             Slain by a gnoll sergeant
             ... wielding a +1 trident of venom
              (7 damage)
             ... on level 5 of the Dungeon.
             The game lasted 00:07:49 (3450 turns).

jejorda2 the Spear-Bearer (Merfolk Berserker)       Turns: 3450, Time: 00:07:50

Health: -4/57      AC: 11    Str: 19    XL:     7   Next: 82%
Magic:  7/7        EV: 12    Int:  7    God:    Trog [**....]
Gold:   101        SH:  0    Dex: 13    Spells: 6/6 levels left

rFire   . . .      SeeInvis .    a - +2 scythe (venom)
rCold   . . .      Faith    .    (shield currently unavailable)
rNeg    . . .      Spirit   .    r - +0 scale mail
rPois   .          Reflect  .    h - +2 helmet
rElec   .          Harm     .    g - +1 cloak
rCorr   .          Rampage  .    (no gloves)
Will    .....                    (no boots) Stlth
                                 (no amulet)
HPRegen 0.29/turn                (no ring)
MPRegen 0.10/turn                (no ring)

@: lethally poisoned (-4 -> -30)
A: (nimble swimmer 2), mertail
a: Renounce Religion, Berserk, Trog's Hand


You were on level 5 of the Dungeon.
You worshipped Trog.
Trog was pleased with you.
You visited 1 branch of the dungeon, and saw 5 of its levels.

You collected 218 gold pieces.
You spent 117 gold pieces at shops.

Inventory:

Hand Weapons
 a - a +2 scythe of venom (weapon)
 o - a +0 spear
Missiles
 e - 22 stones (quivered)
 m - 7 poisoned darts
 x - 3 javelins
Armour
 g - a +1 cloak (worn)
 h - a +2 helmet (worn)
 r - a +0 scale mail (worn)
Wands
 u - a wand of quicksilver (8)
Scrolls
 c - a scroll of blinking
 d - 2 scrolls of fog
 l - a scroll of teleportation
 p - 2 scrolls of amnesia {unknown}
 q - 3 scrolls of identify {unknown}
 t - a scroll of silence {unknown}
 w - a scroll of poison {unknown}
Potions
 b - 2 potions of lignification {unknown}
 f - 3 potions of might {unknown}
 j - 6 potions of curing
 k - 4 potions of haste {unknown}
 n - a potion of degeneration {unknown}
 s - a potion of attraction {unknown}
 v - a potion of berserk rage {unknown}


   Skills:
 + Level 5.6 Fighting
 * Level 8.8 Polearms
 - Level 1.3 Armour
 - Level 6.0 Dodging


You had 6 spell levels left.
You didn't know any spells.
Your spell library was empty.

Dungeon Overview and Level Annotations

Branches:
Dungeon (5/15)
 Temple: D:4-7

Altars:
Cheibriados
Dithmenos
Trog
Wu Jian
Zin

Shops:
D:1 =   D:2 [:!(*   D:3 =


Innate Abilities, Weirdness & Mutations

((You are very nimble when in or above water. (Stealth+, EV+, Speed+++)))
Your lower body shifts to a powerful aquatic tail in water.


Message History

You feel sick. The gnoll sergeant closely misses you.
You feel sick.
Items here: ( ?.
You reach to attack!
You barely miss the gnoll sergeant.
You feel sick. The gnoll sergeant closely misses you.
A gnoll comes into view. It is wielding a +0 halberd.
You reach to attack!
The gnoll shouts!
You hit the gnoll sergeant but do no damage.
The gnoll sergeant is poisoned.
You feel sick.
You hear a shout!
The gnoll sergeant hits you from afar with a +1 trident of venom!
You are more poisoned.
You reach to attack!
You hit the gnoll sergeant.
The gnoll sergeant is moderately wounded.
You feel very sick.
The gnoll throws a throwing net.
The throwing net hits you.
You become entangled in the net!
The gnoll sergeant barely misses you.
You are held in a net!
You are held in a net!
You are held in a net!
You are held in a net!
You struggle against the net.
You feel very sick.
The gnoll sergeant hits you from afar with a +1 trident of venom.
You are more poisoned.
You tear a large gash into the net.
You feel very sick.
The gnoll sergeant hits you from afar with a +1 trident of venom!
You are lethally poisoned!
You struggle against the net.
You feel extremely sick.
The gnoll sergeant hits you from afar with a +1 trident of venom!
* * * LOW HITPOINT WARNING * * *
You are more poisoned.
You rip the net and break free!
* * * LOW HITPOINT WARNING * * *
You feel extremely sick.
The gnoll sergeant hits you from afar with a +1 trident of venom!
You die...

. . ...#.....# .
... #......## ..
....#.......####
...............## .
#.<........#
#.#...)......#
#.)†[.#...[..##
......###........
...........@.......
........##..##....#
.......#....g####..
................)..
..........≈≈≈≈≈≈≈≈≈
.....≈≈ggg.....
.....≈ggg..##..
.....≈....## .
.....≈...##


You could see a gnoll sergeant (poisoned) and 6 gnolls.

Vanquished Creatures
  Grinder (D:4)
  Sigmund (D:3)
  Edmund (D:5)
  4 hounds (D:5)
  An iguana (D:4)
  3 gnolls
  3 adders
  A white imp (D:5)
  2 dart slugs (D:2)
  5 orcs
  9 endoplasms
  3 giant cockroaches
  5 goblins
  7 hobgoblins
  3 kobolds
  6 quokkas
  5 ball pythons
  9 bats
  5 frilled lizards
  9 rats
83 creatures vanquished.

Notes
Turn   | Place    | Note
-------+----------+-------------------------------------------
     0 | D:1      | jejorda2 the Merfolk Berserker began the quest for the Orb.
     0 | D:1      | Reached XP level 1. HP: 18/18 MP: 1/1
    42 | D:1      | Reached XP level 2. HP: 24/24 MP: 2/2
    97 | D:1      | Found a snail-covered altar of Cheibriados.
   191 | D:1      | Found Kip Liadd's Jewellery Shop.
   263 | D:1      | Reached XP level 3. HP: 27/29 MP: 3/3
   779 | D:2      | Found Fakuc's Distillery.
   779 | D:2      | Found Kyuta's Book Shoppe.
   794 | D:2      | Reached skill level 5 in Polearms
   819 | D:2      | Bought a potion of curing for 39 gold pieces
   937 | D:2      | Found Effaipp's Weapon Shoppe.
  1018 | D:2      | Found Yxzaqe's Assorted Antiques.
  1022 | D:2      | Reached ** piety under Trog
  1112 | D:2      | Reached XP level 4. HP: 37/37 MP: 4/4
  1203 | D:2      | Found Beiduvye's Armour Shoppe.
  1366 | D:3      | Found Sipadyas's Jewellery Boutique.
  1403 | D:3      | Noticed Sigmund
  1424 | D:3      | Killed Sigmund
  1425 | D:3      | Reached skill level 6 in Polearms
  1425 | D:3      | Reached XP level 5. HP: 36/43 MP: 5/5
  1425 | D:3      | Reached XP level 6. HP: 41/49 MP: 6/6
  1578 | D:3      | Found an ornate altar of the Wu Jian Council.
  1788 | D:3      | Found a bloodstained altar of Trog.
  1968 | D:3      | Found a glowing silver altar of Zin.
  2230 | D:4      | Noticed Grinder
  2239 | D:4      | Killed Grinder
  2240 | D:4      | Reached skill level 5 in Fighting
  2240 | D:4      | Reached skill level 7 in Polearms
  2240 | D:4      | Reached skill level 5 in Dodging
  2240 | D:4      | Reached XP level 7. HP: 56/56 MP: 7/7
  2608 | D:4      | Found a shadowy altar of Dithmenos.
  3208 | D:2      | Bought a scroll labelled NOESTR OH NUUD for 26 gold pieces
  3208 | D:2      | Bought a scroll labelled FAOQINNEOG for 26 gold pieces
  3208 | D:2      | Bought a scroll labelled FAOQINNEOG for 26 gold pieces
  3263 | D:5      | Entered Level 5 of the Dungeon
  3269 | D:5      | Reached skill level 8 in Polearms
  3320 | D:5      | Noticed Edmund
  3331 | D:5      | Killed Edmund
  3450 | D:5      | Slain by a gnoll sergeant

Illustrated notes

Levels and vault maps discovered:
D:1:      dpeg_arrival_lava_altar, layout_loops_ring, serial_forest,
          infiniplex_forest_lined_corner, infiniplex_forest_straight_2,
          infiniplex_forest_clump_tiny, infiniplex_forest_lined_2,
          infiniplex_forest_clump_tiny, serial_shops, nicolae_diamond_shop,
          wad_floor_pattern_2, minmay_misc_feat_alley, minmay_misc_feat_cross
D:2:      wander_river, layout_rooms, serial_shops,
          nicolae_shop_window_shopping, shop, shop, nicolae_diamond_shop,
          nicolae_shop_advertising_works [nicolae_subvault_shop_adworks],
          minivault_4, kennysheep_generic_room_10
D:3:      layout_basic, mainiacjoe_overflow_big_doors,
          mainiacjoe_overflow_boulevard, serial_shops, shop, uniq_sigmund
D:4:      layout_loops_corners, mainiacjoe_overflow_alcove_1, st_stairs_2,
          uniq_grinder
D:5:      layout_cave_pools, serial_gnoll_camp, gnoll_camp_huts_moat,
          gnoll_camp_medium_02, gnoll_camp_mini_shop, gnoll_camp_mini_basic,
          gnoll_camp_mini_basic, uniq_edmund

Skill      XL: |  1  2  3  4  5  6  7 |
---------------+----------------------+-----
Dodging        | 3 4 5 6 |  6.0
Polearms       | 5 6 7 8 |  8.8
Fighting       | 4 5 |  5.6
Armour         | |  1.3

Action                     |  1- 3 |  4- 6 |  7- 9 || total
---------------------------+-------+-------+-------++-------
  Melee: Spear             |   133 |    54 |       ||   187
         Punch             |     2 |       |       ||     2
         Tailslap          |     2 |       |       ||     2
         Halberd           |       |    37 |    60 ||    97
  Throw: Stone             |       |       |     1 ||     1
 Invoke: Berserk           |     1 |     1 |     1 ||     3
         Trog's Hand       |       |     2 |       ||     2
    Use: Scroll            |       |       |     4 ||     4
 Armour: Leather armour    |     5 |       |       ||     5
         Ring mail         |    23 |    24 |       ||    47
         Scale mail        |       |     7 |    27 ||    34
  Dodge: Dodged            |    55 |    39 |    33 ||   127

Table legend: (Time is in decaauts)
 A = Elapsed time spent in this place.
 B = Non-inter-level travel time spent in this place.
 C = Inter-level travel time spent in this place.
 D = Time resting spent in this place.
 E = Time spent auto-exploring this place.
 F = Levels seen in this place.
 G = Mean time per level.
                   A        B        C        D        E       F      G
               +--------+--------+--------+--------+--------+-----+--------+
         Total |   3447 |   3107 |    340 |    145 |   2361 |   5 |  689.4 |
       Dungeon |   3447 |   3107 |    340 |    145 |   2361 |   5 |  689.4 |
               +--------+--------+--------+--------+--------+-----+--------+

Top non-repeatable levels by time:
     D:4: 1095 daAuts
     D:3: 908 daAuts
     D:1: 778 daAuts
     D:2: 602 daAuts
     D:5: 62 daAuts
